 Dungeon Crawl Stone Soup version 0.29-a0-286-g41199d4a87 (webtiles) character file.

Game seed: 3638557857274928030

2823 Ijustatesigmund the Fighter (level 9, -9/85 HPs)
             Began as a Minotaur Fighter on Mar 16, 2022.
             Mangled by Pikel
             ... wielding a +1 whip of electrocution
              (17 damage)
             ... on level 7 of the Dungeon.
             The game lasted 00:09:29 (6396 turns).

Ijustatesigmund the Fighter (Minotaur Fighter)      Turns: 6396, Time: 00:09:30

Health: -9/85      AC: 21    Str: 24    XL:     9   Next: 45%
Magic:  8/8        EV:  8    Int:  5    God:
Gold:   79         SH:  4    Dex: 11    Spells: 8/8 levels left

rFire   . . .      SeeInvis .   a - +1 war axe
rCold   + . .      Faith    .   c - +0 buckler
rNeg    . . .      Spirit   .   b - +3 chain mail {rC+}
rPois   .          Reflect  .   (helmet restricted)
rElec   .          Harm     .   o - +1 cloak
rCorr   .          Rampage  .   j - +0 pair of gloves
Will    .....                   i - +2 pair of boots
Stlth   ..........              (no amulet)
HPRegen 0.24/turn               (no ring)
MPRegen 0.11/turn               (no ring)

@: invisible
A: horns 2, retaliatory headbutt
a: no special abilities


You were on level 7 of the Dungeon.
You visited 1 branch of the dungeon, and saw 7 of its levels.

You collected 348 gold pieces.
You spent 269 gold pieces at shops.

Inventory:

Hand Weapons
 a - a +1 war axe (weapon)
Armour
 b - a +3 chain mail of cold resistance (worn)
 c - a +0 buckler (worn)
 i - a +2 pair of boots (worn)
 j - a +0 pair of gloves (worn)
 o - a +1 cloak (worn)
Jewellery
 d - a +6 ring of strength
Wands
 m - a wand of polymorph (9)
Scrolls
 f - 2 scrolls of identify
 r - 3 scrolls of teleportation
 t - 4 scrolls of magic mapping
 u - a scroll of summoning
Potions
 e - 2 potions of flight
 g - 2 potions of brilliance
 h - 2 potions of cancellation
 k - 2 potions of magic
 l - a potion of heal wounds
 n - a potion of might


   Skills:
 + Level 9.8 Fighting
 + Level 9.8 Axes
 + Level 9.3 Armour
 - Level 3.6 Shields


You had 8 spell levels left.
You didn't know any spells.
Your spell library contained the following spells:

 Spells                   Type           Power      Damage    Failure   Level
 Summon Forest            Summ/Tloc      0%         N/A       100%        5
 Summon Mana Viper        Hex/Summ       0%         N/A       100%        5
 Summon Cactus Giant      Summ           0%         N/A       100%        6


Dungeon Overview and Level Annotations

Branches:
Dungeon (7/15)             Temple (0/1) D:5

Altars:
Cheibriados
Gozag
Hepliaklqana
Kikubaaqudgha
Makhleb
Okawaru
Qazlal
Ru
Xom

Shops:
D:2 [   D:3 [   D:4 *   D:7 [?

Annotations:
D:7 1 runed translucent door, Crazy Yiuf, Pikel


Innate Abilities, Weirdness & Mutations

You have a pair of horns on your head.
You reflexively headbutt those who attack you in melee.


Message History

You kill the lemure!
That felt strangely unrewarding.
You hit the lemure. You hit Pikel but do no damage. You block Pikel's attack.
You slash the lemure!
You kill the lemure!
That felt strangely unrewarding.
You hit Pikel. Pikel hits you but does no damage.
The lemure hits you but does no damage. Pikel hits you but does no damage.
There is a stone staircase leading up here.
The lemure attacks as you move away! The lemure hits you.
Pikel hits you with a +1 whip of electrocution!
You are electrocuted!!
* * * LOW HITPOINT WARNING * * *
The lemure attacks as you move away! The lemure hits you but does no damage.
You feel much better.
Pikel says, "It's all about the gold, really."
You fade into invisibility!
You strike the helpless Pikel from behind!
You slash Pikel!
Pikel is heavily wounded.
Pikel hits you with a +1 whip of electrocution!
You hit Pikel but do no damage. You headbutt Pikel!
Pikel is severely wounded.
Pikel hits you with a +1 whip of electrocution.
You are electrocuted!
* * * LOW HITPOINT WARNING * * *
You barely miss Pikel.
Pikel is severely wounded.
Pikel hits you but does no damage.
You are electrocuted!
* * * LOW HITPOINT WARNING * * *
You barely miss Pikel. Your headbutt misses Pikel.
Pikel is severely wounded.
You block Pikel's attack.
You closely miss Pikel. You headbutt Pikel.
Pikel is almost dead.
Pikel hits you but does no damage.
You closely miss Pikel. Your headbutt misses Pikel.
Pikel is almost dead.
Pikel hits you but does no damage.
You are electrocuted!
You die...

♣♣..#..#.#####.#####..§§...§§...#
♣......#.# #.....†..†§........#
......##.# #..#.#########..####
♣...####.# #....# #.#
♣♣♣##....#####>#.## ..
#..........#.# #####.....#.##.#.#
#..)....)...##.#.#
#.........####.#@#
#.........####.#K######
#..............#5.....#
#######...###.......#.#
#.....#..##'##...# #........##≈.≈
#..# #........##≈≈.≈≈ #..#
+.......##≈≈...≈≈ #..
#.......##≈.....≈# ..


You could see Pikel (strong, can't see you) and a lemure (can't see you).

Vanquished Creatures
  A manticore (D:7)
  Joseph (D:7)
  2 sky beasts (D:6)
  2 ice beasts
  2 ogres
  2 centaurs
  3 lemures (D:7)
  A phantom (D:4)
  3 bullfrogs
  A gnoll sergeant (D:7)
  6 scorpions
  A killer bee (D:4)
  2 jellies
  2 hounds
  2 orc priests
  2 iguanas
  8 orc wizards
  Robin (D:4)
  8 adders
  5 gnolls (D:7)
  A shadow imp (D:6)
  A white imp (D:5)
  An ufetubus (D:6)
  2 worms
  2 dart slugs
  19 orcs
  6 ball pythons
  4 bats
  8 endoplasms
  2 giant cockroaches
  20 goblins
  8 hobgoblins
  7 jackals
  4 quokkas
  A frilled lizard (D:1)
  8 kobolds
  6 rats
155 creatures vanquished.

Vanquished Creatures (others)
  A plant (D:4)
1 creature vanquished.

Grand Total: 156 creatures vanquished

Notes
Turn   | Place    | Note
-------+----------+-------------------------------------------
     0 | D:1      | Ijustatesigmund the Minotaur Fighter began the quest for
                  | the Orb.
     0 | D:1      | Reached XP level 1. HP: 19/19 MP: 0/0
   171 | D:1      | Reached XP level 2. HP: 27/27 MP: 1/1
   201 | D:1      | Found a faded altar of an unknown god.
   846 | D:2      | Reached XP level 3. HP: 32/33 MP: 2/2
   879 | D:2      | Found an ancient bone altar of Kikubaaqudgha.
  1416 | D:2      | Found Efej's Antique Armour Shoppe.
  1473 | D:2      | Reached XP level 4. HP: 41/41 MP: 3/3
  1784 | D:3      | Found an iron altar of Okawaru.
  1918 | D:3      | Found Diamn's Antique Armour Boutique.
  1948 | D:3      | Found an opulent altar of Gozag.
  1951 | D:3      | Noticed a bullfrog
  1958 | D:3      | Killed a bullfrog
  1959 | D:3      | Reached skill level 5 in Axes
  1959 | D:3      | Reached XP level 5. HP: 41/47 MP: 4/4
  2009 | D:3      | Found a hazy altar of Hepliaklqana.
  2229 | D:4      | Reached skill level 5 in Fighting
  2288 | D:4      | Noticed an ogre
  2297 | D:4      | Killed an ogre
  2298 | D:4      | Reached XP level 6. HP: 15/56 MP: 5/5
  2360 | D:4      | Reached skill level 5 in Armour
  2735 | D:2      | Bought a shiny chain mail for 172 gold pieces
  2883 | D:4      | Reached XP level 7. HP: 30/63 MP: 6/6
  3577 | D:4      | Found Koxufraf's Elemental Accessories.
  3591 | D:4      | Noticed Robin
  3651 | D:4      | Killed Robin
  4070 | D:5      | Entered Level 5 of the Dungeon
  4456 | D:5      | Found a shimmering altar of Xom.
  4627 | D:5      | Reached XP level 8. HP: 68/73 MP: 7/7
  4733 | D:5      | Found a staircase to the Ecumenical Temple.
  5764 | D:7      | Noticed Joseph
  5764 | D:7      | Found Kukh's Magic Scroll Boutique.
  5780 | D:7      | Killed Joseph
  5781 | D:7      | Reached XP level 9. HP: 56/83 MP: 8/8
  5901 | D:7      | Bought a scroll of magic mapping for 52 gold pieces
  5901 | D:7      | Bought a scroll of teleportation for 45 gold pieces
  5970 | D:7      | Found a runed translucent door.
  5971 | D:7      | Noticed Crazy Yiuf
  6000 | D:7      | Noticed a manticore
  6008 | D:7      | Killed a manticore
  6083 | D:7      | Found a stormy altar of Qazlal.
  6232 | D:7      | Found Apeost's Assorted Antiques.
  6290 | D:7      | Found Hestruipt's Armour Emporium.
  6372 | D:7      | Noticed Pikel
  6378 | D:7      | Found a snail-covered altar of Cheibriados.
  6378 | D:7      | Found a sacrificial altar of Ru.
  6378 | D:7      | Found a burning altar of Makhleb.
  6396 | D:7      | Mangled by Pikel

Illustrated notes

Levels and vault maps discovered:
D:1:      scummos_arrival_star, layout_basic, chequers_ecumenical_altar_simple,
          amcnicky_mini_pool_small
D:2:      layout_loops_ring, basic_altar, serial_shops, nicolae_shop_stone
D:3:      layout_basic, nzn_hepliaklqana_mist_gate, okawaru_ov_weapons_minmay,
          grunt_gozag_statues, serial_shops, nicolae_shop_behind_doors
D:4:      corexii_shack_village, layout_basic, nicolae_elemental_shop,
          st_stairs_4, minivault_1, palyth_stone_intersect, uniq_robin
D:5:      layout_loops_ring, kennysheep_mini, temple_hall,
          minmay_misc_feat_pillars, kennysheep_generic_room_14
D:6:      layout_rooms, patterned_corridor
D:7:      layout_loops_corners, mainiacjoe_overflow_chevrons,
          gammafunk_temple_overflow_claw, serial_shops, nicolae_square_shop,
          shop_fountains, shop, minmay_crystal_water, uniq_joseph,
          uniq_crazy_yiuf_cottage, uniq_pikel

Skill      XL: |  1  2  3  4  5  6  7  8  9 |
---------------+----------------------------+-----
Axes           | 3 4 5 6 7 9 |  9.8
Fighting       | 4 5 6 7 9 |  9.8
Armour         | 4 5 6 8 9 |  9.3
Shields        | |  3.6

Action                   |  1- 3 |  4- 6 |  7- 9 || total
-------------------------+-------+-------+-------++-------
Melee: War axe           |    77 |    89 |   264 ||   430
       Headbutt          |     9 |    10 |    43 ||    62
  Use: Scroll            |     9 |     3 |     7 ||    19
       Potion            |       |     2 |     3 ||     5
 Stab: Invisible         |       |       |     1 ||     1
Armor: Scale mail        |    33 |     1 |       ||    34
       Plate armour      |       |    41 |       ||    41
       Chain mail        |       |    11 |   192 ||   203
       Skin              |       |       |    46 ||    46
Dodge: Dodged            |    37 |    31 |    70 ||   138
Block: Buckler           |    19 |    16 |    52 ||    87

Table legend: (Time is in decaauts)
 A = Elapsed time spent in this place.
 B = Non-inter-level travel time spent in this place.
 C = Inter-level travel time spent in this place.
 D = Time resting spent in this place.
 E = Time spent auto-exploring this place.
 F = Levels seen in this place.
 G = Mean time per level.
                   A        B        C        D        E       F      G
               +--------+--------+--------+--------+--------+-----+--------+
         Total |   6492 |   6244 |    248 |    647 |   4479 |   7 |  927.4 |
       Dungeon |   6492 |   6244 |    248 |    647 |   4479 |   7 |  927.4 |
               +--------+--------+--------+--------+--------+-----+--------+

Top non-repeatable levels by time:
     D:4: 1743 daAuts
     D:5: 1023 daAuts
     D:2: 980 daAuts
     D:1: 811 daAuts
     D:6: 694 daAuts
     D:7: 636 daAuts
     D:3: 602 daAuts
